Workbook

Sheet Dashboard
B1: Sales Performance Dashboard · Jan–Mar 2026 · made-up data
B4: City | C4: All | E4: Category | F4: All | H4: Month | I4: All
B6: Total Revenue | E6: Total Profit | H6: Total Orders | K6: Profit Margin
B7: Sum of Revenue for the rows in view | E7: Sum of Profit for the rows in view | H7: Count of orders in view | K7: Total profit ÷ total revenue
B8: =SUMIFS(SalesData!$E$2:$E$25,SalesData!$G$2:$G$25,1) -> 425000 | E8: =SUMIFS(SalesData!$F$2:$F$25,SalesData!$G$2:$G$25,1) -> 71310 | H8: =SUM(SalesData!$G$2:$G$25) -> 24 | K8: =IF(B8=0,0,E8/B8) -> 0.16778824
B11: Rows in view: | C11: =SUM(SalesData!$G$2:$G$25) -> 24

Sheet Read me
A1: Finished sales dashboard (ravindrabagale.com/excel)
A3: Made-up data for practice. Every city figure, order and amount is made up.
A4: Sheet Dashboard: 4 KPI cards, 4 charts and 3 yellow drop-down filters (City, Category, Month).
A5: In this file the summaries are built with formulas, so it opens in any Excel version and in LibreOffice.
A6: The drop-downs do the job of the City and Category slicers and the Order_Date timeline.
A7: In your own file, build the same dashboard with real PivotTables, slicers and a timeline by following the chapter.
A8: Sheet PivotData: the 4 summary tables that feed the charts (same layout as the PivotTables in the chapter).
A9: Sheet SalesData: 24 orders. The Inc column (formula) is 1 when a row matches the filters.
A10: Sheet Formulas used: every formula, cell by cell.

Sheet PivotData
A1: Chart 1: revenue by month
A2: Row Labels | B2: Sum of Revenue | C2: Sum of Profit
A3: Jan | B3: =SUMPRODUCT((MONTH(SalesData!$B$2:$B$25)=1)*SalesData!$G$2:$G$25*SalesData!$E$2:$E$25) -> 127000 | C3: =SUMPRODUCT((MONTH(SalesData!$B$2:$B$25)=1)*SalesData!$G$2:$G$25*SalesData!$F$2:$F$25) -> 22440
A4: Feb | B4: =SUMPRODUCT((MONTH(SalesData!$B$2:$B$25)=2)*SalesData!$G$2:$G$25*SalesData!$E$2:$E$25) -> 146000 | C4: =SUMPRODUCT((MONTH(SalesData!$B$2:$B$25)=2)*SalesData!$G$2:$G$25*SalesData!$F$2:$F$25) -> 22320
A5: Mar | B5: =SUMPRODUCT((MONTH(SalesData!$B$2:$B$25)=3)*SalesData!$G$2:$G$25*SalesData!$E$2:$E$25) -> 152000 | C5: =SUMPRODUCT((MONTH(SalesData!$B$2:$B$25)=3)*SalesData!$G$2:$G$25*SalesData!$F$2:$F$25) -> 26550
A6: Grand Total | B6: =SUM(B3:B5) -> 425000 | C6: =SUM(C3:C5) -> 71310
A8: Chart 2: revenue by category
A9: Row Labels | B9: Sum of Revenue | C9: Sum of Profit
A10: Electronics | B10: =SUMIFS(SalesData!$E$2:$E$25,SalesData!$D$2:$D$25,A10,SalesData!$G$2:$G$25,1) -> 243000 | C10: =SUMIFS(SalesData!$F$2:$F$25,SalesData!$D$2:$D$25,A10,SalesData!$G$2:$G$25,1) -> 29160
A11: Fashion | B11: =SUMIFS(SalesData!$E$2:$E$25,SalesData!$D$2:$D$25,A11,SalesData!$G$2:$G$25,1) -> 99000 | C11: =SUMIFS(SalesData!$F$2:$F$25,SalesData!$D$2:$D$25,A11,SalesData!$G$2:$G$25,1) -> 29700
A12: Grocery | B12: =SUMIFS(SalesData!$E$2:$E$25,SalesData!$D$2:$D$25,A12,SalesData!$G$2:$G$25,1) -> 83000 | C12: =SUMIFS(SalesData!$F$2:$F$25,SalesData!$D$2:$D$25,A12,SalesData!$G$2:$G$25,1) -> 12450
A13: Grand Total | B13: =SUM(B10:B12) -> 425000 | C13: =SUM(C10:C12) -> 71310
A15: Chart 3 and 4: revenue and profit by city
A16: Row Labels | B16: Sum of Revenue | C16: Sum of Profit
A17: Nagpur | B17: =SUMIFS(SalesData!$E$2:$E$25,SalesData!$C$2:$C$25,A17,SalesData!$G$2:$G$25,1) -> 71000 | C17: =SUMIFS(SalesData!$F$2:$F$25,SalesData!$C$2:$C$25,A17,SalesData!$G$2:$G$25,1) -> 13710
A18: Nashik | B18: =SUMIFS(SalesData!$E$2:$E$25,SalesData!$C$2:$C$25,A18,SalesData!$G$2:$G$25,1) -> 104000 | C18: =SUMIFS(SalesData!$F$2:$F$25,SalesData!$C$2:$C$25,A18,SalesData!$G$2:$G$25,1) -> 16950
A19: Pune | B19: =SUMIFS(SalesData!$E$2:$E$25,SalesData!$C$2:$C$25,A19,SalesData!$G$2:$G$25,1) -> 194000 | C19: =SUMIFS(SalesData!$F$2:$F$25,SalesData!$C$2:$C$25,A19,SalesData!$G$2:$G$25,1) -> 30300
A20: Solapur | B20: =SUMIFS(SalesData!$E$2:$E$25,SalesData!$C$2:$C$25,A20,SalesData!$G$2:$G$25,1) -> 56000 | C20: =SUMIFS(SalesData!$F$2:$F$25,SalesData!$C$2:$C$25,A20,SalesData!$G$2:$G$25,1) -> 10350
A21: Grand Total | B21: =SUM(B17:B20) -> 425000 | C21: =SUM(C17:C20) -> 71310

Sheet SalesData
A1: Order_ID | B1: Order_Date | C1: City | D1: Category | E1: Revenue | F1: Profit | G1: Inc
A2: ORD2001 | B2: 46025 | C2: Pune | D2: Electronics | E2: 42000 | F2: 5040 | G2: =IF(AND(OR(Dashboard!$C$4="All",C2=Dashboard!$C$4),OR(Dashboard!$F$4="All",D2=Dashboard!$F$4),OR(Dashboard!$I$4="All",INDEX(Lists!$C$2:$C$13,MONTH(B2))=Dashboard!$I$4)),1,0) -> 1
A3: ORD2002 | B3: 46028 | C3: Nashik | D3: Grocery | E3: 8000 | F3: 1200 | G3: =IF(AND(OR(Dashboard!$C$4="All",C3=Dashboard!$C$4),OR(Dashboard!$F$4="All",D3=Dashboard!$F$4),OR(Dashboard!$I$4="All",INDEX(Lists!$C$2:$C$13,MONTH(B3))=Dashboard!$I$4)),1,0) -> 1
A4: ORD2003 | B4: 46031 | C4: Nagpur | D4: Fashion | E4: 12000 | F4: 3600 | G4: =IF(AND(OR(Dashboard!$C$4="All",C4=Dashboard!$C$4),OR(Dashboard!$F$4="All",D4=Dashboard!$F$4),OR(Dashboard!$I$4="All",INDEX(Lists!$C$2:$C$13,MONTH(B4))=Dashboard!$I$4)),1,0) -> 1
A5: ORD2004 | B5: 46035 | C5: Pune | D5: Grocery | E5: 10000 | F5: 1500 | G5: =IF(AND(OR(Dashboard!$C$4="All",C5=Dashboard!$C$4),OR(Dashboard!$F$4="All",D5=Dashboard!$F$4),OR(Dashboard!$I$4="All",INDEX(Lists!$C$2:$C$13,MONTH(B5))=Dashboard!$I$4)),1,0) -> 1
A6: ORD2005 | B6: 46039 | C6: Solapur | D6: Electronics | E6: 25000 | F6: 3000 | G6: =IF(AND(OR(Dashboard!$C$4="All",C6=Dashboard!$C$4),OR(Dashboard!$F$4="All",D6=Dashboard!$F$4),OR(Dashboard!$I$4="All",INDEX(Lists!$C$2:$C$13,MONTH(B6))=Dashboard!$I$4)),1,0) -> 1
A7: ORD2006 | B7: 46043 | C7: Nashik | D7: Fashion | E7: 9000 | F7: 2700 | G7: =IF(AND(OR(Dashboard!$C$4="All",C7=Dashboard!$C$4),OR(Dashboard!$F$4="All",D7=Dashboard!$F$4),OR(Dashboard!$I$4="All",INDEX(Lists!$C$2:$C$13,MONTH(B7))=Dashboard!$I$4)),1,0) -> 1
A8: ORD2007 | B8: 46047 | C8: Pune | D8: Fashion | E8: 15000 | F8: 4500 | G8: =IF(AND(OR(Dashboard!$C$4="All",C8=Dashboard!$C$4),OR(Dashboard!$F$4="All",D8=Dashboard!$F$4),OR(Dashboard!$I$4="All",INDEX(Lists!$C$2:$C$13,MONTH(B8))=Dashboard!$I$4)),1,0) -> 1
A9: ORD2008 | B9: 46051 | C9: Nagpur | D9: Grocery | E9: 6000 | F9: 900 | G9: =IF(AND(OR(Dashboard!$C$4="All",C9=Dashboard!$C$4),OR(Dashboard!$F$4="All",D9=Dashboard!$F$4),OR(Dashboard!$I$4="All",INDEX(Lists!$C$2:$C$13,MONTH(B9))=Dashboard!$I$4)),1,0) -> 1
A10: ORD2009 | B10: 46055 | C10: Pune | D10: Electronics | E10: 38000 | F10: 4560 | G10: =IF(AND(OR(Dashboard!$C$4="All",C10=Dashboard!$C$4),OR(Dashboard!$F$4="All",D10=Dashboard!$F$4),OR(Dashboard!$I$4="All",INDEX(Lists!$C$2:$C$13,MONTH(B10))=Dashboard!$I$4)),1,0) -> 1
A11: ORD2010 | B11: 46058 | C11: Solapur | D11: Grocery | E11: 7000 | F11: 1050 | G11: =IF(AND(OR(Dashboard!$C$4="All",C11=Dashboard!$C$4),OR(Dashboard!$F$4="All",D11=Dashboard!$F$4),OR(Dashboard!$I$4="All",INDEX(Lists!$C$2:$C$13,MONTH(B11))=Dashboard!$I$4)),1,0) -> 1
A12: ORD2011 | B12: 46062 | C12: Nashik | D12: Electronics | E12: 30000 | F12: 3600 | G12: =IF(AND(OR(Dashboard!$C$4="All",C12=Dashboard!$C$4),OR(Dashboard!$F$4="All",D12=Dashboard!$F$4),OR(Dashboard!$I$4="All",INDEX(Lists!$C$2:$C$13,MONTH(B12))=Dashboard!$I$4)),1,0) -> 1
A13: ORD2012 | B13: 46065 | C13: Nagpur | D13: Fashion | E13: 14000 | F13: 4200 | G13: =IF(AND(OR(Dashboard!$C$4="All",C13=Dashboard!$C$4),OR(Dashboard!$F$4="All",D13=Dashboard!$F$4),OR(Dashboard!$I$4="All",INDEX(Lists!$C$2:$C$13,MONTH(B13))=Dashboard!$I$4)),1,0) -> 1
... A25: ORD2024 | B25: 46111 | C25: Pune | D25: Grocery | E25: 14000 | F25: 2100 | G25: =IF(AND(OR(Dashboard!$C$4="All",C25=Dashboard!$C$4),OR(Dashboard!$F$4="All",D25=Dashboard!$F$4),OR(Dashboard!$I$4="All",INDEX(Lists!$C$2:$C$13,MONTH(B25))=Dashboard!$I$4)),1,0) -> 1

Sheet Lists
A1: City | B1: Category | C1: Month | E1: Month filter list
A2: All | B2: All | C2: Jan | E2: All
A3: Nagpur | B3: Electronics | C3: Feb | E3: Jan
A4: Nashik | B4: Fashion | C4: Mar | E4: Feb
A5: Pune | B5: Grocery | C5: Apr | E5: Mar
A6: Solapur | C6: May
C7: Jun
C8: Jul
C9: Aug
C10: Sep
C11: Oct
C12: Nov
C13: Dec

Sheet Pivot plan
A1: Pivot | B1: Sheet | C1: Rows | D1: Values | E1: Show it as
A2: KPI 1 Revenue | B2: PivotData | C2: (empty) | D2: Sum of Revenue | E2: KPI card
A3: KPI 2 Profit | B3: PivotData | C3: (empty) | D3: Sum of Profit | E3: KPI card
A4: KPI 3 Orders | B4: PivotData | C4: (empty) | D4: Count of Order_ID | E4: KPI card
A5: KPI 4 Margin | B5: Dashboard | C5: (formula) | D5: Profit ÷ Revenue | E5: KPI card
A6: Chart 1 | B6: PivotData | C6: Order_Date (Months) | D6: Sum of Revenue | E6: Line chart
A7: Chart 2 | B7: PivotData | C7: Category | D7: Sum of Revenue | E7: Clustered Column
A8: Chart 3 | B8: PivotData | C8: City | D8: Sum of Revenue | E8: Clustered Bar
A9: Chart 4 | B9: PivotData | C9: City | D9: Sum of Revenue + Sum of Profit (its own pivot) | E9: Clustered Column
A10: Slicers | B10: Dashboard | C10: City, Category | D10: connected to all 7 pivots | E10: Report Connections
A11: Timeline | B11: Dashboard | C11: Order_Date | D11: connected to all 7 pivots | E11: Report Connections

Sheet Formulas used
A1: Cell | B1: Formula | C1: What it does
A2: SalesData!G2 (copied down to G25) | B2: =IF(AND(OR(Dashboard!$C$4="All",C2=Dashboard!$C$4),OR(Dashboard!$F$4="All",D2=Dashboard!$F$4),OR(Dashboard!$I$4="All",INDEX(Lists!$C$2:$C$13,MONTH(B2))=Dashboard!$I$4)),1,0) | C2: Inc = 1 when the row matches the City, Category and Month picked on the Dashboard (or the pick is All). Acts like a slicer.
A3: Dashboard!B8 | B3: =SUMIFS(SalesData!$E$2:$E$25,SalesData!$G$2:$G$25,1) | C3: Sum of Revenue for the rows in view
A4: Dashboard!E8 | B4: =SUMIFS(SalesData!$F$2:$F$25,SalesData!$G$2:$G$25,1) | C4: Sum of Profit for the rows in view
A5: Dashboard!H8 | B5: =SUM(SalesData!$G$2:$G$25) | C5: Count of orders in view
A6: Dashboard!K8 | B6: =IF(B8=0,0,E8/B8) | C6: Total profit ÷ total revenue
A7: Dashboard!C11 | B7: =SUM(SalesData!$G$2:$G$25) | C7: How many SalesData rows match the 3 filters
A8: PivotData!B3 | B8: =SUMPRODUCT((MONTH(SalesData!$B$2:$B$25)=1)*SalesData!$G$2:$G$25*SalesData!$E$2:$E$25) | C8: Revenue for Jan, rows in view only
A9: PivotData!C3 | B9: =SUMPRODUCT((MONTH(SalesData!$B$2:$B$25)=1)*SalesData!$G$2:$G$25*SalesData!$F$2:$F$25) | C9: Profit for Jan, rows in view only
A10: PivotData!B4 | B10: =SUMPRODUCT((MONTH(SalesData!$B$2:$B$25)=2)*SalesData!$G$2:$G$25*SalesData!$E$2:$E$25) | C10: Revenue for Feb, rows in view only
A11: PivotData!C4 | B11: =SUMPRODUCT((MONTH(SalesData!$B$2:$B$25)=2)*SalesData!$G$2:$G$25*SalesData!$F$2:$F$25) | C11: Profit for Feb, rows in view only
A12: PivotData!B5 | B12: =SUMPRODUCT((MONTH(SalesData!$B$2:$B$25)=3)*SalesData!$G$2:$G$25*SalesData!$E$2:$E$25) | C12: Revenue for Mar, rows in view only
... A33: PivotData!C21 | B33: =SUM(C17:C20) | C33: Grand Total
